Map: Dusk Towers

Players

Miszu - Winner!

  • Race: Terran Terran
  • League: Diamond

TiKoz

  • Race: Zerg Zerg
  • League: Master

VOD

Have the link to the VOD?

Description

Time

  • Played on: March 25, 2016, 4:10 p.m.
  • Length: 11:21
Show
View Real Time Build Order
Export as new Build Order

Miszu Terran - Winner!

Build Orders: MMM Bio 

Get SALT Encoding   

  12  0:01  SCV  
  13  0:14  SCV  
  14  0:17  Supply Depot  
  14  0:27  SCV  
  15  0:44  SCV  
  15  0:46  Barracks  
  15  0:48  Refinery  
  16  0:57  SCV  
  17  1:06  Barracks  
  17  1:09  SCV  
  18  1:21  SCV  
  19  1:26  Barracks  
  19  1:34  Reaper  
  19  1:37  Orbital Command  
  20  1:43  Supply Depot  
  20  1:53  Reaper  
  21  2:04  SCV  
  23  2:08  Reaper  
  23  2:16  SCV  
  23  2:20  Command Center  
  24  2:26  Reaper  
  24  2:28  SCV  
  26  2:31  Supply Depot  
  26  2:40  SCV  
  27  2:45  Reaper  
  28  2:52  SCV  
  29  3:04  SCV  
  30  3:16  Command Center, SCV  
  30  3:17  Barracks Reactor  
  31  3:20  Barracks Tech Lab  
  31  3:25  Barracks  
  31  3:29  SCV  
  32  3:34  Orbital Command  
  32  3:40  Marine  
  32  3:41  SCV  
  34  3:48  Refinery  
  34  3:53  SCV  
  34  3:55  Marine x2  
  36  3:59  Refinery  
  36  4:00  SCV  
  38  4:05  SCV  
  38  4:07  Supply Depot  
  39  4:12  SCV  
  39  4:16  Marine  
  41  4:17  SCV  
  41  4:20  Marine  
  41  4:22  Marine x2  
  45  4:24  SCV  
  45  4:27  Stimpack  
  45  4:29  Bunker, SCV  
  47  4:33  Marine  
  47  4:38  Marine  
  49  4:42  Marine  
  49  4:43  Orbital Command  
  49  4:45  Factory  
  50  4:46  SCV  
  50  4:48  SCV  
  52  4:57  Supply Depot  
  52  4:58  SCV  
  53  5:00  SCV  
  54  5:10  SCV  
  54  5:12  SCV  
  56  5:16  Marine x3  
  56  5:17  Marine, SCV  
  60  5:22  SCV  
  60  5:24  SCV  
  62  5:29  Starport, SCV  
  62  5:30  Factory Reactor  
  62  5:34  Marine x4, SCV  
  68  5:38  Supply Depot, SCV  
  68  5:40  Supply Depot  
  68  5:41  SCV  
  69  5:46  SCV  
  69  5:50  SCV  
  69  5:51  Marine  
  69  5:52  Marine, Refinery  
  69  5:53  SCV  
  73  5:57  Marine  
  73  5:58  Marine, SCV  
  73  6:02  Engineering Bay x2  
  76  6:09  Marine  
  77  6:16  Supply Depot  
  77  6:17  Marine x2, Factory Tech Lab  
  77  6:18  Supply Depot x2, Marine, Medivac  
  80  6:20  Medivac  
  84  6:27  Combat Shields  
  84  6:37  Marine x2  
  84  6:38  SCV  
  84  6:39  SCV  
  85  6:50  Marine  
  85  6:51  Medivac x2  
  85  6:53  SCV x2  
  94  6:55  Terran Infantry Weapons Level 1, Terran Infantry Armor Level 1, Marine x2  
  94  6:58  Barracks  
  94  7:00  Orbital Command  
  95  7:01  Siege Tank  
  95  7:03  Barracks Reactor  
  95  7:08  Marine  
  98  7:09  Barracks, Armory  
  98  7:10  Barracks  
  98  7:13  Marine x2  
  98  7:15  SCV  
  101  7:21  SCV  
  102  7:23  Supply Depot  
  102  7:26  Marine  
  102  7:27  SCV  
  104  7:32  Marine x2  
  104  7:33  SCV  
  107  7:39  SCV  
  107  7:43  Marine  
  100  7:57  Marine x2  
  93  8:01  Marine  
  93  8:05  Marine  
  89  8:06  Marine, Medivac x2  
  95  8:13  Barracks Reactor x3  
  95  8:15  Marine x2  
  95  8:17  SCV  
  95  8:18  Marine, SCV x2  
  101  8:23  Marine  
  101  8:24  Marine  
  103  8:29  SCV  
  103  8:30  SCV x2  
  103  8:32  Marine  
  103  8:33  Marine  
  106  8:36  Marine  
  106  8:39  Siege Tank  
  106  8:41  Marine x2  
  114  8:42  SCV x2  
  115  8:50  Marine  
  115  8:51  Marine  
  115  8:54  Marine  
  115  8:55  Marine x2  
  117  8:56  Marine x4  
  117  8:58  Medivac x2  
  117  8:59  Marine  
  117  9:00  Marauder  
  117  9:02  Barracks x2  
  125  9:03  Barracks  
  125  9:04  Supply Depot  
  125  9:05  Supply Depot  
  125  9:08  Marine  
  125  9:09  Marine  
  127  9:12  Marine  
  124  9:20  Marine  
  124  9:21  Marauder  
  109  9:26  Marine  
  109  9:27  Marine x7  
  109  9:30  Marine  
  116  9:38  Marine  
  116  9:41  Medivac  
  116  9:42  Medivac, Marauder  
  116  9:44  Marine  
  116  9:45  Marine  
  125  9:46  Siege Tank  
  125  9:48  Marine x2  
  125  9:52  Barracks Reactor x2  
  130  9:53  Barracks Reactor  
  130  9:58  SCV  
  130  9:59  Marine x3  
  134  10:04  Marauder  
  136  10:11  Medivac  
  138  10:15  Marine x7  
  138  10:17  Marine x2  
  138  10:20  Marine  
  148  10:25  Siege Tank, Marauder  
  153  10:29  Marine  
  153  10:33  Supply Depot x3  
  154  10:35  Marine  
  154  10:37  Marine  
  156  10:43  Marine  
  156  10:47  Marauder  
  154  10:58  Supply Depot  
Show
View Real Time Build Order
Export as new Build Order

TiKoz Zerg 

Build Orders: Hatch First 

Get SALT Encoding   

  12  0:03  Drone  
  13  0:14  Overlord  
  13  0:19  Drone  
  14  0:34  Drone x2  
  16  0:41  Drone  
  17  0:59  Drone  
  17  1:01  Extractor  
  17  1:03  Drone  
  18  1:04  Hatchery  
  18  1:10  Drone  
  18  1:25  Spawning Pool  
  17  1:30  Extractor  
  17  1:31  Drone x2  
  18  1:43  Drone  
  19  1:58  Drone  
  20  2:12  Roach Warren, Queen  
  20  2:14  Metabolic Boost  
  21  2:17  Zergling x4  
  21  2:20  Zergling x2  
  24  2:29  Queen  
  26  2:36  Overlord  
  25  2:52  Roach  
  25  2:54  Overlord  
  25  2:56  Roach  
  25  2:57  Roach  
  30  3:02  Roach  
  31  3:16  Roach  
  33  3:28  Roach  
  33  3:29  Roach x2  
  39  3:36  Zergling x4  
  39  3:37  Zergling x4  
  43  3:46  Drone  
  44  4:04  Overlord  
  44  4:05  Overlord  
  42  4:17  Zergling x2  
  42  4:18  Zergling x2  
  42  4:23  Ravager x2  
  44  4:26  Drone x5  
  44  4:29  Drone x2  
  51  4:37  Drone x2  
  51  4:38  Drone x2  
  55  4:49  Ravager  
  55  4:51  Drone  
  57  4:56  Drone x2  
  57  4:57  Drone  
  58  5:13  Drone  
  58  5:14  Drone  
  60  5:18  Overlord x2, Hatchery  
  59  5:37  Ravager  
  59  5:38  Drone x3  
  59  5:39  Drone x3  
  66  5:44  Extractor  
  66  5:45  Extractor  
  66  5:49  Drone x3  
  67  5:56  Spore Crawler  
  66  5:58  Spore Crawler  
  65  6:11  Drone x2  
  65  6:13  Lair  
  65  6:15  Extractor, Drone x3  
  65  6:17  Drone x2  
  69  6:21  Spine Crawler  
  67  6:40  Roach x5  
  67  6:41  Roach x4  
  74  6:49  Roach x2  
  74  6:50  Roach x2  
  76  6:54  Queen  
  76  6:58  Roach x2  
  76  7:01  Overlord x2  
  82  7:13  Overlord x2  
  82  7:14  Glial Reconstitution  
  82  7:31  Overlord x2  
  82  7:32  Overlord  
  82  7:40  Zergling x12  
  86  7:46  Zergling x2  
  86  7:47  Zergling x4  
  86  7:50  Roach  
  86  7:51  Roach  
  73  7:53  Ravager x2  
  73  7:55  Roach x3  
  73  7:56  Roach x2  
  64  8:09  Drone x2  
  64  8:10  Drone x2  
  64  8:11  Drone  
  69  8:14  Ravager x2  
  69  8:16  Ravager x2  
  69  8:18  Ravager  
  74  8:20  Zergling x4  
  74  8:22  Zergling x2  
  75  8:36  Zergling x6  
  75  8:37  Zergling x2  
  75  8:38  Zergling x2  
  75  8:39  Ravager  
  80  8:45  Evolution Chamber  
  80  8:46  Evolution Chamber  
  73  8:53  Roach x5  
  77  8:56  Roach  
  77  8:58  Zergling x4  
  77  8:59  Zergling x8  
  85  9:08  Roach  
  83  9:17  Roach x3  
  83  9:24  Roach x2  
  72  9:32  Drone x2  
  72  9:36  Drone x3  
  72  9:37  Drone x2  
  72  9:38  Drone  
  80  9:39  Ravager  
  80  9:45  Zergling x2, Roach  
  83  9:46  Zergling x6  
  83  9:47  Zergling x2  
  88  9:53  Roach  
  88  9:55  Zergling x2  
  88  9:56  Zergling x2  
  88  9:59  Ravager  
  93  10:07  Zergling x2  
  94  10:10  Zergling x2  
  94  10:11  Zergling x8  
  99  10:21  Roach x3  
  99  10:23  Drone  
  99  10:24  Overlord  
  99  10:25  Overlord  
  106  10:37  Overseer  
  106  10:47  Roach x5  
  106  10:48  Roach x4  
Tags
 
Composition
MMM Bio
Matchup
TvZ
Player
Miszu
Add a new tag
Caveats
  • Supply blocks, unpowered buildings, or Contaminate may cause inaccurate times.
  • Supply counts are checked every 10 seconds.